 Seeded DCSS version 0.30.1-11-g7821555f0a (webtiles) character file.

Game seed: 5129858224507802926 (custom seed)

163 Psyclone the Conjurer (level 5, 35/41 HPs)
             Began as a Draconian Conjurer on Nov 13, 2023.
             Quit the game on level 4 of the Dungeon.
             The game lasted 00:01:13 (784 turns).

Psyclone the Conjurer (Draconian Conjurer)           Turns: 784, Time: 00:01:14

Health: 35/41      AC:  5    Str:  9    XL:     5   Next: 20%
Magic:  3/9        EV: 12    Int: 20    God:
Gold:   66         SH:  0    Dex: 10    Spells: 7/10 levels left

rFire   + + .        (no weapon)
rCold   . . .        (no shield)
rNeg    . . .        (body armour unavailable)
rPois   .            (helmet restricted)
rElec   .            (no cloak)
rCorr   .            (no gloves)
SInv    .            (no boots)
Will    .....        (no amulet)
Stlth   ++           (no ring)
HPRegen 0.26/turn    (no ring)
MPRegen 0.11/turn

%: no passive effects
@: no status effects
A: AC +5, unfitting armour, cold-blooded, horns 1, stinger 1, fire resistance 2,
robust 1, wild magic 1, evolution 1
a: no special abilities


You were on level 4 of the Dungeon.
You visited 1 branch of the dungeon, and saw 4 of its levels.

You collected 66 gold pieces.

Inventory:

Scrolls
 c - a scroll of amnesia {unknown}
 d - a scroll of vulnerability {unknown}
 f - a scroll of identify {unknown}
Potions
 a - a potion of magic
 b - a potion of might {unknown}
 e - a potion of mutation


   Skills:
 - Level 1.7 Dodging
 - Level 1.7 Stealth
 + Level 3.3 Spellcasting
 * Level 5.8 Conjurations


You had 7 spell levels left.
You knew the following spells:

 Your Spells              Type           Power      Damage    Failure   Level
a - Magic Dart            Conj           100%       1d8       2%          1
b - Searing Ray           Conj           68%        2d6       3%          2

Your spell library contained the following spells:

 Spells                   Type           Power      Damage    Failure   Level
 Dazzling Flash           Conj/Hex       38%        N/A       17%         3
 Fulminant Prism          Conj/Hex       9%         3d6       47%         4
 Iskenderun's Mystic Bla  Conj/Tloc      19%        2d6       47%         4


Dungeon Overview and Level Annotations

Branches:
Dungeon (4/15) Zot: 23216  Temple (0/1) D:4

Altars:
Elyvilon

Shops:
D:2 =


Innate Abilities, Weirdness & Mutations

Your plain brown scales are hard. (AC +5)
You cannot fit into any form of body armour.
You are cold-blooded and may be slowed by cold attacks.
You have a pair of small horns on your head.
Your tail ends in a venomous barb.
Your flesh is very heat resistant. (rF++)
You are robust. (+10% HP)
Your spells are a little harder to cast, but a little more powerful.
You have hidden genetic potential.


Message History

You completely miss the orc wizard.
You tail-slap the orc wizard, but do no damage.
The orc wizard is severely wounded.
The orc wizard hits you but does no damage.
You hit the orc wizard. Your headbutt misses the orc wizard.
The orc wizard is almost dead.
The orc wizard closely misses you.
You hit the orc wizard but do no damage.
You tail-slap the orc wizard.
The orc wizard is almost dead.
The orc wizard misses you.
You barely miss the orc wizard.
The orc wizard is almost dead.
The orc wizard barely misses you.
You hit the orc wizard but do no damage.
Your headbutt misses the orc wizard.
Your tail-slap misses the orc wizard.
The orc wizard is almost dead.
The orc wizard hits you with a +0 dagger.
You take 2 damage, and have 32/41 hp.
You barely miss the orc wizard.
Your tail-slap misses the orc wizard.
The orc wizard is almost dead.
The orc wizard closely misses you.
You completely miss the orc wizard. Your headbutt misses the orc wizard.
Your tail-slap misses the orc wizard.
The orc wizard is almost dead.
The orc wizard hits you but does no damage.
You closely miss the orc wizard. Your headbutt misses the orc wizard.
Your tail-slap misses the orc wizard.
The orc wizard is almost dead.
The orc wizard closely misses you.
You barely miss the orc wizard. You headbutt the orc wizard.
You kill the orc wizard!
Items here: )) [ †.
You start resting.
You feel a genetic drift.
A venomous barb forms on the end of your tail.
You regained 2 hp, and now have 35/41 hp.
Unknown command.
Unknown command.
Are you sure you want to abandon this character and quit the game? (Confirm with "yes".)

##..###......P.P........
......#.......>.....#...
#............P.P........
..........†........##...
.....##.##.....##..##...
... #...#.....#...##...
. #.⌠.#.##.....###...
#...#.##.###.# #...
##@##....) ..# ##.#
#)##.....##.# #.#
#)##.######.# ..# .).##
..# .### .._.. ....
##...## ##.## #.# #.#


There were no monsters in sight!

Vanquished Creatures
  2 orc priests
  An iguana (D:4)
  2 orc wizards
  A dart slug (D:2)
  5 orcs
  2 bats (D:2)
  3 endoplasms
  3 goblins
  2 hobgoblins (D:2)
  A quokka (D:2)
  2 ball pythons (D:2)
  A rat (D:1)
25 creatures vanquished.

Notes
Turn   | Place    | Note
-------+----------+-------------------------------------------
     0 | D:1      | Psyclone the Draconian Conjurer began the quest for the
                  | Orb.
     0 | D:1      | Reached XP level 1. HP: 14/14 MP: 3/3
   100 | D:2      | Gained mutation: Your flesh is heat resistant. (rF+)
                  | [potion of mutation]
   100 | D:2      | Gained mutation: You are robust. (+10% HP) [potion of
                  | mutation]
   100 | D:2      | Gained mutation: You have a beak for a mouth. [potion of
                  | mutation]
   100 | D:2      | Gained mutation: You passively dampen the noise of your
                  | surroundings. [potion of mutation]
   151 | D:2      | Found Zutuxkoi's Jewellery Shop.
   227 | D:2      | Lost mutation: You passively dampen the noise of your
                  | surroundings. [potion of mutation]
   227 | D:2      | Lost mutation: You have a beak for a mouth. [potion of
                  | mutation]
   227 | D:2      | Gained mutation: You have a pair of small antennae on your
                  | head. [potion of mutation]
   227 | D:2      | Gained mutation: Your spells are a little harder to cast,
                  | but a little more powerful. [potion of mutation]
   227 | D:2      | Gained mutation: Your flesh is very heat resistant. (rF++)
                  | [potion of mutation]
   227 | D:2      | Gained mutation: You are strong-willed. (Will+) [potion of
                  | mutation]
   289 | D:2      | Reached XP level 2. HP: 22/22 MP: 1/5
   391 | D:2      | Learned a level 2 spell: Searing Ray
   460 | D:3      | Reached XP level 3. HP: 19/28 MP: 1/6
   461 | D:3      | Reached skill level 5 in Conjurations
   461 | D:3      | Reached XP level 4. HP: 24/36 MP: 0/8
   541 | D:3      | Lost mutation: You are strong-willed. (Will+) [potion of
                  | mutation]
   541 | D:3      | Lost mutation: You have a pair of small antennae on your
                  | head. [potion of mutation]
   541 | D:3      | Gained mutation: You have a pair of small horns on your
                  | head. [potion of mutation]
   541 | D:3      | Gained mutation: You have hidden genetic potential. [potion
                  | of mutation]
   654 | D:4      | Found a staircase to the Ecumenical Temple.
   732 | D:4      | Found a white marble altar of Elyvilon.
   761 | D:4      | Reached XP level 5. HP: 36/41 MP: 1/9
   783 | D:4      | Gained mutation: Your tail ends in a venomous barb. [hidden
                  | potential]
   784 | D:4      | Quit the game

Illustrated notes

Levels and vault maps discovered:
D:1:      saegor_arrival_simple_c, layout_rooms, serial_shops, shop,
          kennysheep_nondescript, minmay_misc_feat_ornament
D:2:      layout_basic, serial_shops, nicolae_shop_tiny_statue_garden,
          nicolae_shop_scrapyard, shop, shop
D:3:      layout_loops_ring
D:4:      layout_rooms, elyvilon_altar_1, minmay_temple_entry_trees,
          uniq_eustachio

Skill      XL: |  1  2  3  4 |
---------------+-------------+-----
Conjurations   | 5 |  5.8
Spellcasting   | 3 |  3.3
Dodging        | |  1.7
Stealth        | |  1.7

Action                     |  1- 3 |  4- 6 || total
---------------------------+-------+-------++-------
  Melee: Unarmed           |       |    14 ||    14
         Tailslap          |       |     3 ||     3
         Headbutt          |       |     1 ||     1
         Punch             |       |     1 ||     1
   Cast: Magic Dart        |    17 |     3 ||    20
         Searing Ray       |     1 |     5 ||     6
    Use: Potion            |     2 |     1 ||     3
 Armour: Skin              |     2 |    10 ||    12
  Dodge: Dodged            |     2 |    15 ||    17
